3AA
FT. POLK SOUTH THUNDER HAWKS @ VIRGINIA BEACH DEUCES
09/04/2024
 
TOP OF THE 1ST
Ft. Polk South Thunder Hawks batting - Pitching for Virginia Beach Deuces : RHP Mark Bell
Pitching: RHP Mark Bell
Batting: RHB Héctor López 0-0: SINGLE (Flyball, 9M)
Batting: RHB Bryan Billings 0-0: Ball
Héctor López is caught stealing 2nd base
1-0: Foul Ball, location: 2F
1-1: Ground out 6-3 (Groundball, 6M)
Batting: RHB Keith Bane 0-0: Called Strike
0-1: Ball
1-1: Foul Ball, location: 2F
1-2: Ball
2-2: Strikes out swinging
Top of the 1st over - 0 run(s), 1 hit(s), 0 error(s), 0 left on base; Ft. Polk South 0 - Virginia Beach 0
BOTTOM OF THE 1ST
Virginia Beach Deuces batting - Pitching for Ft. Polk South Thunder Hawks : RHP Esteban González
Pitching: RHP Esteban González
Batting: RHB Aurelio Álvarez 0-0: Ball
1-0: SINGLE (Groundball, 34D)
Batting: SHB Esteban Márquez 0-0: Ball
1-0: Swinging Strike
1-1: Ball
2-1: Ball
3-1: Foul Ball, location: 2F
3-2: Base on Balls
Aurelio Álvarez to second
Batting: RHB Lorenzo Ramírez 0-0: Called Strike
Aurelio Álvarez steals 3rd base
Esteban Márquez to second
0-1: Ball
1-1: Foul Ball, location: 2F
1-2: Ground out 5-3 (Groundball, 5S)
Batting: RHB Luis Jelarde 0-0: Called Strike
0-1: Foul Ball, location: 2F
0-2: Ball
1-2: Ground out 5-3 (Groundball, 56)
Aurelio Álvarez scores
Batting: SHB Luis Manuel Flores 0-0: Ball
1-0: Foul Ball, location: 2F
1-1: Ball
2-1: Swinging Strike
2-2: Fly out, F8 (Popup, 8LS)
Bottom of the 1st over - 1 run(s), 1 hit(s), 0 error(s), 1 left on base; Ft. Polk South 0 - Virginia Beach 1
TOP OF THE 2ND
Ft. Polk South Thunder Hawks batting - Pitching for Virginia Beach Deuces : RHP Mark Bell
Batting: RHB Iván Hernández 0-0: Called Strike
0-1: Swinging Strike
0-2: Ball
1-2: Strikes out swinging, 2-3 out at first.
Batting: RHB Manuel Díaz 0-0: Ball
1-0: Ball
2-0: Called Strike
2-1: Ball
3-1: Swinging Strike
3-2: Ground out 6-3 (Groundball, 6M)
Batting: RHB Jim Unknown 0-0: Fly out, F7 (Flyball, 7M)
Top of the 2nd over - 0 run(s), 0 hit(s), 0 error(s), 0 left on base; Ft. Polk South 0 - Virginia Beach 1
BOTTOM OF THE 2ND
Virginia Beach Deuces batting - Pitching for Ft. Polk South Thunder Hawks : RHP Esteban González
Batting: LHB Curt Wilson 0-0: Ball
1-0: Foul Ball, location: 2F
1-1: SINGLE (Line Drive, 8LS)
Batting: RHB Robert Emmet Odlum 0-0: Ball
1-0: Swinging Strike
1-1: Ball
2-1: Foul Ball, location: 2F
2-2: Ball
3-2: Foul Ball, location: 2F
3-2: Grounds into double play, U6-3 (Groundball, 6M)
Batting: RHB Daniel Ruíz 0-0: Ball
1-0: Called Strike
1-1: Ball
2-1: Ball
3-1: Called Strike
3-2: Base on Balls
Batting: LHB Errol Levick 0-0: Ball
1-0: Called Strike
1-1: Ball
2-1: Ball
3-1: Swinging Strike
3-2: Ground out 6-3 (Groundball, 6M)
Bottom of the 2nd over - 0 run(s), 1 hit(s), 0 error(s), 1 left on base; Ft. Polk South 0 - Virginia Beach 1
TOP OF THE 3RD
Ft. Polk South Thunder Hawks batting - Pitching for Virginia Beach Deuces : RHP Mark Bell
Batting: RHB David Phipps 0-0: Foul Ball, location: 2F
0-1: Fly out, F7 (Flyball, 7M)
Batting: RHB Jim Unknown 0-0: Foul Ball, location: 2F
0-1: Ball
1-1: Ball
2-1: Ball
3-1: SINGLE (Groundball, 56D)
Batting: RHB Adrian Barr 0-0: Foul Ball, location: 2F
0-1: Foul Ball, location: 2F
0-2: Ball
1-2: Ball
2-2: Ball
3-2: Strikes out swinging
Batting: RHB Héctor López 0-0: Ground out 4-3 (Groundball, 4)
Top of the 3rd over - 0 run(s), 1 hit(s), 0 error(s), 1 left on base; Ft. Polk South 0 - Virginia Beach 1
BOTTOM OF THE 3RD
Virginia Beach Deuces batting - Pitching for Ft. Polk South Thunder Hawks : RHP Esteban González
Batting: RHB Aurelio Álvarez 0-0: Swinging Strike
0-1: Ground out 1-3 (Groundball, 13S)
Batting: SHB Esteban Márquez 0-0: Ball
1-0: Ball
2-0: Called Strike
2-1: Ball
3-1: Ground out 1-3 (Groundball, 13S)
Batting: RHB Lorenzo Ramírez 0-0: Called Strike
0-1: Ball
1-1: Ball
2-1: Fly out, F5 (Popup, 5S)
Bottom of the 3rd over - 0 run(s), 0 hit(s), 0 error(s), 0 left on base; Ft. Polk South 0 - Virginia Beach 1
TOP OF THE 4TH
Ft. Polk South Thunder Hawks batting - Pitching for Virginia Beach Deuces : RHP Mark Bell
Batting: RHB Bryan Billings 0-0: Called Strike
0-1: Called Strike
0-2: Strikes out swinging
Batting: RHB Keith Bane 0-0: Called Strike
0-1: Fly out, F8 (Flyball, 8LM)
Batting: RHB Iván Hernández 0-0: Called Strike
0-1: DOUBLE (Flyball, 8RXD)
Batting: RHB Manuel Díaz 0-0: Called Strike
0-1: Ground out 5-3 (Groundball, 5S)
Top of the 4th over - 0 run(s), 1 hit(s), 0 error(s), 1 left on base; Ft. Polk South 0 - Virginia Beach 1
BOTTOM OF THE 4TH
Virginia Beach Deuces batting - Pitching for Ft. Polk South Thunder Hawks : RHP Esteban González
Batting: RHB Luis Jelarde 0-0: Ball
1-0: Fly out, F9 (Popup, 34D)
Batting: SHB Luis Manuel Flores 0-0: Ball
1-0: Swinging Strike
1-1: Ball
2-1: Foul Ball, location: 2F
2-2: Foul Ball, location: 2F
2-2: Ground out 4-3 (Groundball, 4)
Batting: LHB Curt Wilson 0-0: Called Strike
0-1: Swinging Strike
0-2: Foul Ball, location: 2F
0-2: Foul Ball, location: 2F
0-2: Foul Ball, location: 2F
0-2: Foul Ball, location: 2F
0-2: Strikes out swinging
Bottom of the 4th over - 0 run(s), 0 hit(s), 0 error(s), 0 left on base; Ft. Polk South 0 - Virginia Beach 1
TOP OF THE 5TH
Ft. Polk South Thunder Hawks batting - Pitching for Virginia Beach Deuces : RHP Mark Bell
Batting: RHB Jim Unknown 0-0: Ball
1-0: Ball
2-0: Ball
3-0: Called Strike
3-1: Base on Balls
Batting: RHB David Phipps 0-0: Bunt missed!
0-1: Sac Bunt - play at first, batter OUT! 1-4
Jim Unknown to second
Batting: RHB Jim Unknown 0-0: Ball
1-0: Called Strike
1-1: Ground out 4-3 (Groundball, 13)
Jim Unknown to third
Batting: RHB Adrian Barr 0-0: Called Strike
0-1: Ball
1-1: Ball
2-1: Ball
3-1: Fly out, F7 (Flyball, 78M)
Top of the 5th over - 0 run(s), 0 hit(s), 0 error(s), 1 left on base; Ft. Polk South 0 - Virginia Beach 1
BOTTOM OF THE 5TH
Virginia Beach Deuces batting - Pitching for Ft. Polk South Thunder Hawks : RHP Esteban González
Batting: RHB Robert Emmet Odlum 0-0: Called Strike
0-1: Foul Ball, location: 2F
0-2: Ball
1-2: Foul Ball, location: 2F
1-2: Ball
2-2: Ball
3-2: TRIPLE (Groundball, 3L)
Batting: RHB Daniel Ruíz 0-0: SINGLE (Line Drive, 56D)
Robert Emmet Odlum scores
Batting: LHB Errol Levick 0-0: Bunt missed!
0-1: Bunted foul
0-2: Ball
1-2: Ball
2-2: Foul Ball, location: 2F
2-2: Foul Ball, location: 2F
2-2: SINGLE (Groundball, 3D)
Daniel Ruíz to second
Runner from 2nd tries for 3rd, SAFE, throw made to third
Batting: RHB Aurelio Álvarez 0-0: Foul Ball, location: 2F
0-1: Foul Ball, location: 2F
0-2: Ball
1-2: Fly out, F9 (Flyball, 9D)
Runner from 3rd tags up, SCORES, no throw
Pitching: RHP Wing-tat Ke
Batting: SHB Esteban Márquez 0-0: Called Strike
0-1: Ball
1-1: Ball
2-1: Ball
3-1: Fielders Choice at 2nd, 3-6 (Groundball, 34)
Batting: RHB Lorenzo Ramírez 0-0: Called Strike
0-1: Fly out, F8 (Flyball, 8LXD)
Bottom of the 5th over - 2 run(s), 3 hit(s), 0 error(s), 1 left on base; Ft. Polk South 0 - Virginia Beach 3
TOP OF THE 6TH
Ft. Polk South Thunder Hawks batting - Pitching for Virginia Beach Deuces : RHP Mark Bell
Batting: RHB Héctor López 0-0: Fly out, F8 (Flyball, 8RXD)
Batting: RHB Bryan Billings 0-0: Ball
1-0: Ball
2-0: Called Strike
2-1: Called Strike
2-2: Foul Ball, location: 2F
2-2: Ball
3-2: Ground out 6-3 (Groundball, 6)
Batting: RHB Keith Bane 0-0: Ball
1-0: Fly out, F8 (Flyball, 8RS)
Top of the 6th over - 0 run(s), 0 hit(s), 0 error(s), 0 left on base; Ft. Polk South 0 - Virginia Beach 3
BOTTOM OF THE 6TH
Virginia Beach Deuces batting - Pitching for Ft. Polk South Thunder Hawks : RHP Wing-tat Ke
Batting: RHB Luis Jelarde 0-0: Ball
1-0: Ball
2-0: Ground out 5-3 (Groundball, 5S)
Batting: SHB Luis Manuel Flores 0-0: Ground out 1-3 (Groundball, 13S)
Batting: LHB Curt Wilson 0-0: Ball
1-0: Called Strike
1-1: Ball
2-1: Ball
3-1: Called Strike
3-2: Base on Balls
Batting: RHB Robert Emmet Odlum 0-0: Ball
1-0: Fly out, F9 (Popup, 34D)
Bottom of the 6th over - 0 run(s), 0 hit(s), 0 error(s), 1 left on base; Ft. Polk South 0 - Virginia Beach 3
TOP OF THE 7TH
Ft. Polk South Thunder Hawks batting - Pitching for Virginia Beach Deuces : RHP Mark Bell
Batting: RHB Iván Hernández 0-0: Foul Ball, location: 2F
0-1: Foul Ball, location: 2F
0-2: Ball
1-2: Foul Ball, location: 2F
1-2: Strikes out looking
Batting: RHB Manuel Díaz 0-0: Ball
1-0: Foul Ball, location: 2F
1-1: Ball
2-1: Swinging Strike
2-2: Foul Ball, location: 2F
2-2: Strikes out swinging
Batting: RHB Jim Unknown 0-0: Called Strike
0-1: Called Strike
0-2: Ball
1-2: Strikes out swinging
Top of the 7th over - 0 run(s), 0 hit(s), 0 error(s), 0 left on base; Ft. Polk South 0 - Virginia Beach 3
BOTTOM OF THE 7TH
Virginia Beach Deuces batting - Pitching for Ft. Polk South Thunder Hawks : RHP Wing-tat Ke
Batting: RHB Daniel Ruíz 0-0: Called Strike
0-1: Ball
1-1: Called Strike
1-2: Foul Ball, location: 2F
1-2: Ground out 4-3 (Groundball, 4M)
Batting: LHB Errol Levick 0-0: Called Strike
0-1: Ball
1-1: Ball
2-1: Foul Ball, location: 2F
2-2: SINGLE (Line Drive, 78S)
Batting: RHB Aurelio Álvarez 0-0: Ground out 5-3 (Groundball, 5S)
Errol Levick to second
Batting: SHB Esteban Márquez 0-0: Ball
1-0: Called Strike
1-1: SINGLE (Flyball, 78S)
Errol Levick to third
Runner from 3rd tries for Home, SAFE, no throw or cutoff
Batting: RHB Lorenzo Ramírez 0-0: Ground out 1-3 (Groundball, 23)
Bottom of the 7th over - 1 run(s), 2 hit(s), 0 error(s), 1 left on base; Ft. Polk South 0 - Virginia Beach 4
TOP OF THE 8TH
Ft. Polk South Thunder Hawks batting - Pitching for Virginia Beach Deuces : RHP Mark Bell
Batting: RHB David Phipps 0-0: Ball
1-0: Swinging Strike
1-1: Ball
2-1: Swinging Strike
2-2: Foul Ball, location: 2F
2-2: Strikes out swinging
Batting: RHB Jim Unknown 0-0: Ball
1-0: Ball
2-0: Foul Ball, location: 2F
2-1: Foul Ball, location: 2F
2-2: Fly out, F7 (Line Drive, 7M)
Batting: RHB Adrian Barr 0-0: Called Strike
0-1: Swinging Strike
0-2: Fly out, F9 (Flyball, 89S)
Top of the 8th over - 0 run(s), 0 hit(s), 0 error(s), 0 left on base; Ft. Polk South 0 - Virginia Beach 4
BOTTOM OF THE 8TH
Virginia Beach Deuces batting - Pitching for Ft. Polk South Thunder Hawks : RHP Wing-tat Ke
Batting: RHB Luis Jelarde 0-0: Ball
1-0: SINGLE (Groundball, 5)
Batting: SHB Luis Manuel Flores 0-0: Ball
1-0: Ball
2-0: Swinging Strike
2-1: Called Strike
2-2: Strikes out swinging
Batting: LHB Curt Wilson 0-0: Called Strike
0-1: Fielders Choice at 2nd, 1-6 (Groundball, 13S)
Batting: RHB Robert Emmet Odlum 0-0: Ball
1-0: Called Strike
1-1: Foul Ball, location: 2F
1-2: Fly out, F9 (Flyball, 9M)
Bottom of the 8th over - 0 run(s), 1 hit(s), 0 error(s), 1 left on base; Ft. Polk South 0 - Virginia Beach 4
TOP OF THE 9TH
Ft. Polk South Thunder Hawks batting - Pitching for Virginia Beach Deuces : RHP Mark Bell
Pitching: RHP Manuel Vázquez
Batting: RHB Héctor López 0-0: Swinging Strike
0-1: Swinging Strike
0-2: Ball
1-2: Strikes out swinging
Batting: RHB Bryan Billings 0-0: Called Strike
0-1: Reached on error, E5 (Groundball, 5L)
Batting: RHB Keith Bane 0-0: Swinging Strike
0-1: Called Strike
0-2: Foul Ball, location: 2F
0-2: Strikes out swinging
Batting: RHB Iván Hernández 0-0: Foul Ball, location: 2F
0-1: Ball
1-1: Ground out 4-3 (Groundball, 4)
Top of the 9th over - 0 run(s), 0 hit(s), 1 error(s), 1 left on base; Ft. Polk South 0 - Virginia Beach 4
This league is powered by Out of the Park Baseball, the baseball management simulation game for PC, Mac and Linux
Monday, October 3rd, 2016 - OOTP Baseball 16.9 Build 39